 Dungeon Crawl Stone Soup version 0.19.5 (webtiles) character file.

67 snowfan the Magician (level 3, -9/19 HPs)
             Began as a Deep Elf Wizard on May 11, 2017.
             Mangled by a gnoll
             ... wielding a +0 halberd
              (13 damage)
             ... on level 3 of the Dungeon.
             The game lasted 00:05:36 (2105 turns).

snowfan the Magician (Deep Elf Wizard)              Turns: 2105, Time: 00:05:36

Health: -9/19      AC:  4    Str:  4    XL:     3   Next: 98%
Magic:  4/10       EV: 13    Int: 23    God:
Gold:   163        SH:  0    Dex: 13    Spells: 1 memorised, 9 levels left

rFire  . . .     SeeInvis .     g - +0 hunting sling
rCold  . . .     Gourm    .     a - +0 robe
rNeg   . . .     Faith    .     (no shield)
rPois  .         Spirit   .     b - +0 hat
rElec  .         Reflect  .     o - +0 cloak
rCorr  .         Harm     .     (no gloves)
MR     .....                    (no boots)
Stlth  ++........               (no amulet)
                                (no ring)
                                n - +1 ring of protection (curse)

@: no status effects
A: no striking features
a: no special abilities


You were on level 3 of the Dungeon.
You were not hungry.

You visited 1 branch of the dungeon, and saw 3 of its levels.

You collected 163 gold pieces.

Inventory:

Hand Weapons
 g - a +0 hunting sling (weapon)
 m - a +0 whip
 v - a +2 short sword of electrocution
Missiles
 h - 44 sling bullets (quivered)
 k - 11 stones
Armour
 a - a +0 robe (worn)
 b - a +0 hat (worn)
 o - a +0 cloak (worn)
Jewellery
 n - a cursed +1 ring of protection (left hand)
Scrolls
 e - 3 scrolls of identify {unknown}
 f - 3 scrolls of remove curse {unknown}
 p - a scroll of enchant weapon {unknown}
 q - a scroll of enchant armour {unknown}
 r - 3 scrolls of blinking {unknown}
 u - a scroll of teleportation {unknown}
Potions
 j - a potion of haste {unknown}
 l - a potion of mutation {unknown}
 s - a potion of invisibility {unknown}
Books
 c - a book of Minor Magic

   Spells                             Type                      Level
   a - Magic Dart                     Conjuration                  1
   b - Blink                          Translocation                2
   c - Call Imp                       Summoning                    2
   d - Repel Missiles                 Charms/Air                   2
   e - Slow                           Hexes                        2
   f - Conjure Flame                  Conjuration/Fire             3
   g - Mephitic Cloud                 Conjuration/Poison/Air       3
Comestibles
 d - 3 bread rations
 i - 4 meat rations
 t - 2 chunks of flesh


   Skills:
 - Level 2.4 Dodging
 - Level 2.4 Stealth
 - Level 4.4 Spellcasting
 + Level 4.2 Conjurations
   Level 1.1 Summonings
   Level 1.1 Translocations


You had 9 spell levels left.
You knew the following spells:

 Your Spells              Type           Power        Failure   Level  Hunger
a - Magic Dart            Conj           ###.         1%          1    None


Dungeon Overview and Level Annotations

Branches:
Dungeon (3/15)

Altars:
Ashenzari


Message History

The gnoll hits you with a flail! The gnoll closely misses you.
Casting: Magic Dart
Confirm with . or Enter, or press ? or * to list all spells.
Aiming: Magic Dart
Press: ? - help, Shift-Dir - straight line, f/p - gnoll
Aim: a gnoll, wielding a halberd (heavily wounded)
The magic dart hits the gnoll.
The gnoll is moderately wounded.
The gnoll hits you with a flail.
* * * LOW HITPOINT WARNING * * *
Casting: Magic Dart
Confirm with . or Enter, or press ? or * to list all spells.
Aiming: Magic Dart
Press: ? - help, Shift-Dir - straight line, f/p - gnoll
Aim: a gnoll, wielding a halberd (heavily wounded)
The magic dart hits the gnoll.
The gnoll is moderately wounded.
The gnoll hits you from afar with a halberd!
Ouch! That really hurt!
You die...

#.............#.#..........
#....####.#.#.#.###########
#.........#.#.#.#
#...#######.#...#
#.#.####....#####
#.#....#.##....
#.####.#.###g#
#...#..#.#.g.#
######.#..#.#@##..#
................# ##
...####.#..##.#.#
#....##...# ####.###### ..#
###


You could see 2 gnolls.

Vanquished Creatures
  An ooze (D:2)
  3 worms
  3 dart slugs
  2 ball pythons
  2 giant cockroaches
  5 goblins
  5 hobgoblins
  3 jackals (D:1)
  A quokka (D:2)
  6 bats
  A frilled lizard (D:2)
  9 kobolds
  5 rats
46 creatures vanquished.

Notes
Turn   | Place    | Note
-------+----------+-------------------------------------------
     0 | D:1      | snowfan the Deep Elf Wizard began the quest for the Orb.
     0 | D:1      | Reached XP level 1. HP: 10/10 MP: 7/7
   322 | D:1      | Reached XP level 2. HP: 15/15 MP: 2/9
   601 | D:1      | Found a shattered altar of Ashenzari.
  1256 | D:2      | Reached XP level 3. HP: 19/19 MP: 3/10
  2105 | D:3      | Mangled by a gnoll

Skill      XL: |  1  2  3 |
---------------+----------+-----
Conjurations   | 2 3 4 |  4.2
Dodging        | |  2.4
Stealth        | |  2.4
Spellcasting   | |  4.4
Summonings     | |  1.1
Translocations | |  1.1

Action                   || total
-------------------------++-------
Melee: Hunting sling     ||    11
 Fire: Hunting sling     ||     6
 Cast: Magic Dart        ||   112
  Eat: Chunk             ||     3
Armor: Robe              ||     4
Dodge: Dodged            ||    39
